Cogmind - Beta 16.1 @@@ ROGUE MODE // 2026.02.28 @ 16:37:24 Player: H3-MLN Result: Escaped! Performance ------------- Evolutions (9) 4500 Regions Visited (22) 4400 Robots Destroyed (111) 555 Value Destroyed (8894) 8894 Prototype IDs (392) 7840 Alien Tech Used (2) 400 Bonus (25806) 25806 TOTAL SCORE: 52395 Bonus ------- High Alert Combat Kills 1081 Follower Combat Kills 10389 Entered DSFs 500 Registered with UFD 300 Met Optimus in HQ 500 Met Imprinter 300 Met Warlord at Base 500 MAIN.C Attacked Warlord 500 Scanned by Researcher 500 Met MAIN.C 5000 Destroyed MAIN.C Shell 5000 Win 3000 Friendly Fire -1764 Cogmind --------- Core Integrity 1/1600 Matter 300/300 Energy 98/100 System Corruption 8% Temperature Cool (0) Movement Core (50) Location To Epsilon Eridani Parts ------- > --- POWER (3) -------- (None) > --- PROPULSION (7) --- High-density Centrium Heavy Treads > --- UTILITY (9) ------ (None) > --- WEAPON (6) ------- (None) > --- INVENTORY (5) ---- Vortex Chain Reactor Experimental Energy Well (600) Perforator Peak State ------------ > --- POWER ------------ Singularity Reactor > --- PROPULSION ------- Experimental Biometal Heavy Treads Enhanced Armored Heavy Treads High-density Centrium Heavy Treads High-density Centrium Leg > --- UTILITY ---------- Coolant Network High-capacity Storage Unit Spectral Analyzer Experimental Targeting Computer Experimental Core Analyzer Experimental Core Analyzer Experimental Armor Integrity Analyzer Experimental Phase Shifter > --- WEAPON ----------- Heavy Quantum Rifle Heavy Quantum Rifle Heavy Quantum Rifle Helical Railgun Helical Railgun Multirail > --- INVENTORY -------- Zero-point Reactor Vortex Chain Reactor High-density Centrium Heavy Treads Experimental Cooling System Experimental Energy Well Improved Matter Compressor Advanced Weapon Cycler Centrium Heavy Armor Plating Warp Gun Heavy Dispersion Rifle Enhanced Nova Cannon Graviton Cannon Graviton Cannon Graviton Cannon Perforator Compact Tesla Bomb Launcher [Rating: 263] Favorites ----------- Power Subdweller Power Source Engine Subdweller Power Source Power Core Fission Core Reactor Improved Quantum Reactor Propulsion Wheel Treads Spiked Treads Leg High-density Centrium Leg Wheel Wheel Hover Unit Cooled Antigrav System Flight Unit Diametric Drive Utility Huge Storage Unit Device Amulet of Y3-NDR Storage Huge Storage Unit Processor Experimental Core Analyzer Hackware System Shield Protection Enhanced Scrap Shield Weapon 1B-0RG's Assimilator Energy Gun EM Pulse Gun Energy Cannon Subdweller Beam Cannon Ballistic Gun Subdweller Machine Gun Ballistic Cannon Graviton Cannon Launcher Compact Tesla Bomb Launcher Special Weapon Mining Laser Impact Weapon Power Maul Slashing Weapon Sigix Broadsword Piercing Weapon CR-A16's Pointy Stick Special Melee Weapon 1B-0RG's Assimilator Build | -11 -10 -10 -8 -8 -6 -6 -6 -6 -5 -5 -5 -5 -5 -4 -4 -4 -3 -3 -2 -2 -1 -1 ------- Run | Yrd Mat Sub Rec Scr Fac Low Low Zio Pro Fac Upp Upp War Pro Fac DSF Res Tes Res Qua Acc Com Slots Evolved 18 | . . . . . 8 . . . . 2 . . . . 2 . 2 . 2 . 2 . Power 2 | . . . . . . . . . . . . . . . 1 . 1 . . . . . Propulsion 5 | . . . . . 1 . . . . 2 . . . . 1 . 1 . . . . . Utility 7 | . . . . . 3 . . . . . . . . . . . . . 2 . 2 . Weapon 4 | . . . . . 4 . . . . . . . . . . . . . . . . . Parts Attached 195 | 6 3 21 2 8 12 5 8 3 . 12 . 2 11 9 3 2 4 11 6 9 12 46 Power 20 | 1 . 1 . 1 . . 2 . . 1 . 1 1 . . 1 1 . . 3 1 6 Engine 4 | 1 . 1 . 1 . . . . . . . 1 . . . . . . . . . . Core 2 | . . . . . . . 1 . . . . . . . . 1 . . . . . . Reactor 14 | . . . . . . . 1 . . 1 . . 1 . . . 1 . . 3 1 6 Propulsion 44 | 2 . 6 . 1 2 . 2 . . 5 . . 2 6 1 . 1 . 1 2 3 10 Treads 6 | 1 . 1 . . . . . . . . . . . . . . . . . . . 4 Leg 5 | . . . . . . . . . . . . . 1 . . . . . . . 1 3 Wheel 15 | 1 . 5 . 1 2 . 2 . . 3 . . 1 . . . . . . . . . Hover 17 | . . . . . . . . . . 2 . . . 5 1 . 1 . 1 2 2 3 Flight 1 | . . . . . . . . . . . . . . 1 . . . . . . . . Utility 72 | 1 2 3 1 3 7 3 3 2 . 3 . . 7 2 2 . 1 6 3 1 5 17 Device 35 | . 1 3 . 2 1 1 2 2 . 1 . . 5 2 . . 1 1 1 1 3 8 Storage 11 | 1 1 . . 1 1 . 1 . . 2 . . . . . . . 3 1 . . . Processor 10 | . . . . . 1 . . . . . . . 1 . . . . . . . 2 6 Hackware 4 | . . . 1 . . . . . . . . . . . 1 . . 2 . . . . Protection 12 | . . . . . 4 2 . . . . . . 1 . 1 . . . 1 . . 3 Artifact . | . . . . . . . . . . . . . . . . . . . . . . . Weapon 59 | 2 1 11 1 3 3 2 1 1 . 3 . 1 1 1 . 1 1 5 2 3 3 13 Energy Gun 10 | 2 1 1 . . . . . . . . . . 1 . . . . 1 . . . 4 Energy Cannon 9 | . . 2 . . 1 . . . . 1 . . . . . 1 . 2 1 . 1 . Ballistic Gun 9 | . . 4 . . . . . . . . . . . . . . . 1 . 1 . 3 Ballistic Cannon 5 | . . 1 . . . . . . . . . . . . . . . 1 . . . 3 Launcher 6 | . . 1 . . . 1 . . . 1 . . . . . . . . 1 . 2 . Special Weapon 8 | . . 1 1 1 . . . . . . . 1 . . . . . . . 1 . 3 Impact Weapon 3 | . . . . 1 . 1 . . . 1 . . . . . . . . . . . . Slashing Weapon 3 | . . . . . 1 . 1 . . . . . . . . . . . . 1 . . Piercing Weapon 3 | . . 1 . . . . . 1 . . . . . 1 . . . . . . . . Special Melee Weapon 3 | . . . . 1 1 . . . . . . . . . . . 1 . . . . . Unidentified Prototypes 41 | . . 1 . . 1 1 1 2 . 4 . . 9 6 2 . . 6 3 1 1 3 Corrupted Parts 5 | . . . . . . . . . . . . . . . . . . . . . . 5 System Corruption 24 | . . . . . . . . . . . . . . . . . . . . . . 24 Parts Lost 35 | . . 4 . . 1 . 1 . . . . . 2 . . . . 2 . 6 1 18 Power 3 | . . . . . . . . . . . . . . . . . . . . 2 . 1 Propulsion 15 | . . 2 . . . . 1 . . . . . 2 . . . . . . 3 1 6 Utility 8 | . . 1 . . 1 . . . . . . . . . . . . 2 . . . 4 Weapon 9 | . . 1 . . . . . . . . . . . . . . . . . 1 . 7 Highest Loss Streak 9 | . . 1 . . 1 . 1 . . . . . 2 . . . . 1 . 3 1 9 To Critical Strikes 2 | . . . . . . . . . . . . . . . . . . . . 1 . 1 Average Backups 18 | 3 9 17 19 16 16 18 17 19 20 21 21 22 21 20 18 19 20 20 21 18 18 14 Power . | . 1 1 2 . . . . . . . . . . 1 1 1 1 . . . 1 1 Propulsion 2 | 1 4 7 4 1 1 1 1 1 1 2 2 2 1 . . . . . . . 1 1 Utility 7 | . . 1 4 6 8 9 9 11 12 10 10 11 12 12 10 10 10 11 12 9 7 4 Weapon 4 | 1 3 5 6 3 2 3 3 3 3 4 5 4 3 3 4 4 5 6 5 5 5 6 Tool/Special . | . . . . . . . . . . . . . . . . . . . . . . . Unused Backups 41 | . 1 4 6 4 2 1 1 . . 7 . . 1 . . . . 2 . 1 2 9 Power 4 | . . 1 . 1 . . . . . . . . . . . . . . . . . 2 Propulsion 16 | . . 2 4 1 2 . . . . 3 . . . . . . . . . . 2 2 Utility 7 | . . . 2 . . 1 1 . . 1 . . . . . . . . . 1 . 1 Weapon 12 | . 1 1 . 2 . . . . . 3 . . . . . . . 1 . . . 4 Tool/Special 2 | . . . . . . . . . . . . . 1 . . . . 1 . . . . Average Slot Usage (%) 81 | . 99 99 100 97 68 66 65 66 66 73 70 70 69 67 71 74 75 75 68 65 66 69 Engine 6 | . 14 14 14 14 6 6 1 . . . . 2 3 . . . . . . . . . Core 1 | . . . . . . . 1 6 6 5 5 2 . . . 1 . . . . . . Reactor 1 | . . . . . . . 2 . . . . . 1 5 5 5 8 9 8 6 8 6 Treads 4 | . 14 13 14 . . . . . . . . . . . . . . . . . . 7 Wheel 16 | . 14 13 14 27 17 20 18 20 20 28 29 29 28 6 . . . . . . . . Hover 5 | . . . . . . . . . . . . . . 20 30 31 32 33 30 28 24 8 Device 10 | . 13 13 1 6 5 6 11 13 12 7 10 11 10 11 13 15 14 13 3 3 8 11 Storage 9 | . 14 14 14 14 6 6 6 6 6 16 6 5 5 5 5 5 4 5 4 4 4 5 Hackware 1 | . . . 12 5 . . . . . . . . . . 2 . . . 8 8 7 . Protection 3 | . . . . . 13 13 7 6 6 1 4 5 4 3 2 5 4 3 3 4 4 2 Energy Gun 1 | . 28 5 . . . . . . . . . . . . . . . . . . . 5 Energy Cannon 4 | . . 5 12 13 1 4 6 . . . 2 . . . . . . 2 2 1 . 1 Ballistic Gun 4 | . . 11 12 7 . . . . . . . . . . . . . . . . . 2 Piercing Weapon 1 | . . 2 2 . . . . 3 . 3 2 4 4 5 5 4 3 1 1 . . . Special Melee Weapon 3 | . . . . 4 7 6 6 6 6 5 5 5 5 5 5 5 4 4 4 3 . . Peak Build Rating 263 | 6 8 25 27 30 97 104 114 122 115 125 123 121 132 170 182 187 206 219 240 236 210 263 Average Rating 93 | 4 7 16 25 24 91 103 110 114 114 119 120 119 124 153 177 178 202 209 236 219 190 216 On Entrance 115 | . 6 8 25 26 30 91 104 112 115 115 121 119 120 124 170 177 183 205 215 228 169 196 Avg Prop Armor Cover (%) 13 | 15 13 14 15 16 . . . . . . . . . 7 . . . . . 2 1 8 Naked Turns . | . . . . . . . . . . . . . . . . . . . . . . . Heaviest Build 232 | 12 89 102 102 105 157 132 133 164 168 171 168 174 185 185 185 187 211 225 232 191 138 170 Greatest Support 255 | 16 16 30 10 20 36 30 30 30 30 50 50 50 50 66 79 79 109 112 118 117 105 255 Greatest Overweight (x) 54 | . 5 10 10 9 7 4 6 5 5 54 3 3 6 5 2 2 2 2 2 2 1 1 Average Overweight (x) 3 | . 3 5 9 4 4 3 4 4 5 3 3 3 3 2 2 2 1 1 1 1 1 . Largest Inventory Capacity 25 | 8 25 25 25 25 25 20 20 25 25 25 25 25 25 25 25 25 25 25 25 20 20 20 Average Capacity 23 | 7 21 25 25 24 21 20 20 23 25 25 25 25 25 25 25 25 25 25 23 20 20 19 Most Carried 25 | 7 11 25 25 25 25 20 20 23 24 25 25 25 25 25 25 25 25 25 25 20 20 20 Average Carried 22 | 3 9 20 24 22 19 19 19 22 23 24 24 24 24 24 24 24 24 24 22 19 19 17 Final Capacity 25 | 8 25 25 25 25 20 20 20 25 25 25 25 25 25 25 25 25 25 25 20 20 20 5 Final Carried 25 | 7 11 24 25 25 20 20 20 23 24 25 25 25 25 25 25 25 25 25 20 20 17 5 Class Distribution -------------------- 66% | Mutant 20% | Commander-Mutant 5% | Hacker-Mutant Dominant Class ---------------- Mutant | -10/Materials Mutant | -10/Subcaves Commander-Mutant | -8/Recycling Commander-Mutant | -8/Scraptown Commander-Mutant | -6/Factory Mutant | -6/Lower Caves Mutant | -6/Lower Caves Mutant | -6/Zion Mutant | -5/Proximity Caves Mutant | -5/Factory Mutant | -5/Upper Caves Mutant | -5/Upper Caves Mutant | -5/Warlord Mutant | -4/Proximity Caves Mutant | -4/Factory Mutant | -4/DSF Mutant | -3/Research Mutant | -3/Testing Hacker-Mutant | -2/Research Hacker-Mutant | -2/Quarantine Hacker-Mutant | -1/Access Scavenger-Executioner | -1/Command Resources | -11 -10 -10 -8 -8 -6 -6 -6 -6 -5 -5 -5 -5 -5 -4 -4 -4 -3 -3 -2 -2 -1 -1 ----------- Run | Yrd Mat Sub Rec Scr Fac Low Low Zio Pro Fac Upp Upp War Pro Fac DSF Res Tes Res Qua Acc Com Matter Collected 28716 | 260 . 691 173 128 450 891 1676 294 1246 3603 1083 726 2366 2379 59 704 1754 4318 1106 2850 134 1825 Remotely . | . . . . . . . . . . . . . . . . . . . . . . . Salvage Created 8832 | 121 . 277 325 49 151 252 . . 256 1296 391 150 . 285 . 193 342 953 312 639 575 2265 Parts 304 | 7 . 20 14 4 4 6 . . . 40 10 8 . 2 . 5 14 34 19 16 17 84 Haulers Intercepted 4 | . . . . . . . . . . 3 . . . . . . 1 . . . . . Recyclers Shooed 8 | . . . . . 1 . . . . 2 . . . . . . . 2 2 . . 1 Parts Field Recycled 14 | . . . . 14 . . . . . . . . . . . . . . . . . . Retrieved Matter 222 | . . . . 222 . . . . . . . . . . . . . . . . . . Parts Self-Destructed 79 | . . 9 . . . 19 2 . 8 . 7 18 . 16 . . . . . . . . Prevented 56 | . . . . . . 3 12 . 10 . 14 3 . 14 . . . . . . . . Parts Restored . | . . . . . . . . . . . . . . . . . . . . . . . Kills | -11 -10 -10 -8 -8 -6 -6 -6 -6 -5 -5 -5 -5 -5 -4 -4 -4 -3 -3 -2 -2 -1 -1 ------- Run | Yrd Mat Sub Rec Scr Fac Low Low Zio Pro Fac Upp Upp War Pro Fac DSF Res Tes Res Qua Acc Com Combat Hostiles Destroyed 59 | . . 5 2 . . 3 . . . . 2 1 . . . . . 7 4 3 6 26 Melee 6 | . . . . . . . . . . . . 1 . . . . . . . . 1 4 Guns 20 | . . 1 1 . . . . . . . . . . . . . . . . 1 . 17 Cannons 10 | . . . 1 . . 1 . . . . 2 . . . . . . 2 1 . . 3 AOE 10 | . . 3 . . . 2 . . . . . . . . . . . . 3 . 2 . Classes Destroyed 21 | 2 . 6 . . . 3 . . . 2 . 2 . . . . 2 2 . . . 2 Worker 10 | . . . . . . . . . . 4 . . . . . . . 2 2 . . 2 Builder 5 | . . . . . . . . . . 3 . . . . . . . . 2 . . . Tunneler 2 | 1 . . . . 1 . . . . . . . . . . . . . . . . . Hauler 5 | . . . . . . 1 . . . 3 . . . . . . 1 . . . . . Recycler 15 | 1 . . 1 . 1 . . . . 6 . . . . . . 1 1 . 2 . 2 Minesweeper 2 | . . . . . . 1 . . . . 1 . . . . . . . . . . . Operator 1 | . . . . . . . . . . . . . . . . . 1 . . . . . Turret 1 | . . 1 . . . . . . . . . . . . . . . . . . . . Swarmer 6 | . . 3 . . . . . . . . . . . . . . . . 3 . . . Grunt 11 | . . . . . . 3 . . . . 2 . . . . . . 2 . . 4 . Researcher 5 | . . . . . . . . . . . . . . . . . . 3 . 2 . . Sentry 7 | . . 1 2 . . . . . . . . . . . . . . 2 1 . . 1 Hunter 8 | . . . . . . . . . . . . . . . . . . 3 . 3 2 . Programmer 6 | . . . . . . . . . . . . . . . . . . . . . . 6 Behemoth 1 | . . . . . . . . . . . . 1 . . . . . . . . . . Enhanced Q-Series 18 | . . . . . . . . . . . . . . . . . . . . . . 18 Executioner 1 | . . . . . . . . . . . . . . . . . . . . . . 1 Artisan 2 | . . 2 . . . . . . . . . . . . . . . . . . . . Cobbler 1 | . . 1 . . . . . . . . . . . . . . . . . . . . Subdweller 4 | . . 3 . 1 . . . . . . . . . . . . . . . . . . Packrat 3 | . . . . . . . . . . . 3 . . . . . . . . . . . Samaritan 1 | . . . . . . . . . . . . 1 . . . . . . . . . . Wizard 2 | . . . . . . . . . . . . . . . . . 2 . . . . . Best Kill Streak 8 | 1 . 4 2 . 1 3 . . . 2 2 1 . . . . 1 4 7 3 3 8 Combat Bots Only 8 | . . 3 2 . . 3 . . . . 2 1 . . . . . 2 4 2 3 8 Max Kills in Single Turn 3 | 1 . 2 1 1 1 2 . . . 1 1 1 . . . . 1 1 3 1 1 1 Gunslinging . | . . . . . . . . . . . . . . . . . . . . . . . Exploded 2 | . . 1 . . . 2 . . . . . . . . . . . . 2 . 1 . Melee 1 | . . . . . . . . . . . . 1 . . . . . . . . 1 1 Uniques/NPCs Destroyed 1 | . . . . . . . . . . . . . . . . . . . . . . 1 MAIN.C Shell (-1/Command) Combat | -11 -10 -10 -8 -8 -6 -6 -6 -6 -5 -5 -5 -5 -5 -4 -4 -4 -3 -3 -2 -2 -1 -1 -------- Run | Yrd Mat Sub Rec Scr Fac Low Low Zio Pro Fac Upp Upp War Pro Fac DSF Res Tes Res Qua Acc Com Hostile Shots Fired 998 | . . 50 4 . 18 26 3 . 3 9 . . 11 . . . 2 89 13 203 22 545 Missed 329 | . . 23 . . 4 12 . . 2 2 . . 3 . . . . 29 3 44 13 194 Hits 669 | . . 27 4 . 14 14 3 . 1 7 . . 8 . . . 2 60 10 159 9 351 Melee 9 | . . . . . . . . . . . . . 2 . . . . 1 . 6 . . Projectile 660 | . . 27 4 . 14 14 3 . 1 7 . . 6 . . . 2 59 10 153 9 351 AOE 15 | . . . . . . . . . . . . . . . . . . 1 . . . 14 Critical Strikes 42 | . . . . . 1 1 1 . . . . . . . . . . 5 . 13 . 21 Actively Blocked 1 | . . . . . . . . . . . . . . . . . . 1 . . . . Part Disruptions 11 | . . . . . . . . . . . . . . . . . . . . 1 . 10 Damage Taken 19431 | . . 646 57 . 234 353 79 10 86 196 82 125 706 14 . 28 53 1162 319 3914 206 11161 Core 3040 | . . 142 14 . 26 57 . . 14 64 . 8 209 14 . 28 41 326 24 474 27 1572 Absorbed by Shields 905 | . . . . . 12 . . . . . . . 108 . . . 24 587 . . . 174 Reduced by Siege Mode 135 | . . . . . . . . . . . . . . . . . . . . . . 135 Redirected to Shielding 156 | . . . . . . . . . . . . . . . . . . 156 . . . . Regen/Repaired (Parts) 3710 | . . . . . 72 26 . . . 38 . 31 170 . . . . 219 197 1538 888 531 Core Remaining (%) 66 | 100 . . . 37 . . . . 88 . . . . 70 . 97 . 71 . 65 . . Volleys Fired 378 | 5 . 123 10 2 6 11 . . . 9 8 14 . . . . . 44 12 29 6 99 Largest 6 | 2 . 2 2 1 1 1 . . . 1 1 1 . . . . . 1 1 1 2 6 Hottest 441 | 80 . 100 110 30 90 90 . . . 94 94 90 . . . . . 113 120 120 160 441 Shots Fired 606 | 10 . 137 15 2 6 12 . . . 9 8 14 . . . . . 44 12 30 8 299 Gun 294 | 10 . 63 5 . . . . . . . . . . . . . . 1 . 9 . 206 Cannon 195 | . . 14 5 . 6 8 . . . 9 8 3 . . . . . 43 8 20 1 70 Launcher 31 | . . 15 . . . 4 . . . . . 1 . . . . . . 4 . 7 . Special 86 | . . 45 5 2 . . . . . . . 10 . . . . . . . 1 . 23 Kinetic 177 | . . 38 5 . . . . . . . . . . . . . . 6 . . . 128 Thermal 268 | 10 . 59 10 1 6 8 . . . . . 3 . . . . . 1 8 13 1 148 Explosive 20 | . . 15 . . . 4 . . . . . 1 . . . . . . . . . . Electromagnetic 106 | . . 25 . . . . . . . 9 8 . . . . . . 37 4 16 7 . Robot Hit Streak 58 | 5 . 11 7 9 14 2 . . . 4 11 4 . . . . . 9 1 7 3 58 Robot Miss Streak 4 | 2 . 3 1 . 1 4 . . . 2 . 1 . . . . . 2 2 2 2 2 Penetration Max 2 | . . . . . . . . . . . . . . . . . . 1 . . . 2 Secondary Targets 6 | . . . . . . . . . . . . . . . . . . . . . . 6 Max Gunslinging Chain 1 | . . . . . . . . . . . . . . . . . . . . . . 1 Shots Hit Robots 483 | 6 . 30 15 5 10 5 . 1 6 23 9 10 1 7 . 10 14 41 3 16 7 264 Core Hits 242 | 3 . 15 7 . 2 8 . . . 10 7 2 . 2 . 2 6 11 18 10 15 124 Critical Kills 3 | . . . . . . 1 . . . . . . . . . . . . . 1 . 1 Critical Parts Destroyed 4 | . . . . 1 . . . . 1 . . . . . . . . . . . . 2 Critical Strikes 16 | . . . . 1 . 1 . . 1 . . . . . . 3 . 1 . 1 . 8 Meltdown 2 | . . . . . . 1 . . . . . . . . . . . . . . . 1 Destroy 4 | . . . . . . . . . . . . . . . . . . . . 1 . 3 Blast 3 | . . . . . . . . . . . . . . . . . . . . . . 3 Smash 2 | . . . . 1 . . . . 1 . . . . . . . . . . . . . Sever 1 | . . . . . . . . . . . . . . . . . . . . . . 1 Impale 4 | . . . . . . . . . . . . . . . . 3 . 1 . . . . Melee Attacks 149 | . . 13 3 3 6 2 . 2 7 25 1 3 2 8 . 11 17 18 1 6 7 14 Impact 13 | . . . . 2 1 1 . 1 7 1 . . . . . . . . . . . . Slashing 28 | . . . . . 3 1 . . . . . . . . . . . . . 3 7 14 Piercing 100 | . . 13 3 . . . . 1 . 24 1 3 2 8 . 11 14 16 1 3 . . Sneak Attacks 64 | . . 6 1 3 5 1 . 1 . 16 1 2 . 1 . . 10 9 . 2 . 6 Combat Hostiles 3 | . . . . . . . . . . . . 1 . . . . . . . . . 2 Follow-up Attacks . | . . . . . . . . . . . . . . . . . . . . . . . Damage Inflicted 22636 | 67 . 1085 392 209 395 634 . 99 494 1378 452 214 31 452 . 638 615 1854 740 1036 741 11110 Guns 8023 | 67 . 302 65 . . . . . . . . . . . . . . 60 . 235 . 7294 Cannons 5516 | . . . 137 . 162 126 . . . 266 380 . . . . . . 1280 166 624 . 2375 Explosions 1985 | . . 421 . . . 399 . . . . . 82 . . . . . . 574 . 509 . Melee 7038 | . . 362 156 201 233 109 . 99 494 1112 72 132 31 452 . 638 615 514 . 145 232 1441 Ramming 32 | . . . . . . . . . . . . . . . . . . . . 32 . . Kinetic 5366 | . . 102 65 . . . . . . . . . . . . . . 98 . . . 5101 Thermal 5576 | 67 . . 171 8 162 126 . . . . . . . . . . . . 195 279 . 4568 Explosive 902 | . . 421 . . . 399 . . . . . 82 . . . . . . . . . . Electromagnetic 3722 | . . 200 . . . . . . . 266 380 . . . . . . 1242 545 580 509 . Impact 1050 | . . . . 201 92 72 . 99 494 92 . . . . . . . . . . . . Slashing 1851 | . . . . . 141 37 . . . . . . . . . . . . . . 232 1441 Piercing 4137 | . . 362 156 . . . . . . 1020 72 132 31 452 . 638 615 514 . 145 . . Highest Corruption 16 | . . 3 . . . 1 1 1 . 1 1 1 1 . . . . . . 6 . 16 Average Corruption 2 | . . 2 . . . 1 1 1 . 1 1 1 1 . . . . . . 5 . 6 Corruption Purged 40 | . . 3 . . . . . . . . . . . . . . . . . . . 37 Corruption Blocked . | . . . . . . . . . . . . . . . . . . . . . . . Effects 60 | . . 6 . . . 3 4 2 . 7 3 4 1 . . . . . . 8 . 22 Message Errors 8 | . . . . . . . . . . . . . . . . . . . . 2 . 6 Matter Fused 16 | . . 3 . . . . 1 1 . 4 1 . 1 . . . . . . 1 . 4 Heat Flow Errors 9 | . . 2 . . . . 2 1 . . . . . . . . . . . 2 . 2 Energy Discharges 8 | . . 1 . . . 1 . . . 1 2 1 . . . . . . . 2 . . Parts Rejected 2 | . . . . . . . . . . 1 . . . . . . . . . . . 1 Parts Fused 1 | . . . . . . . . . . 1 . . . . . . . . . . . . Data Loss (minor) 7 | . . . . . . 1 1 . . . . 2 . . . . . . . . . 3 Data Loss (major) 4 | . . . . . . . . . . . . 1 . . . . . . . . . 3 Misfires 3 | . . . . . . 1 . . . . . . . . . . . . . 1 . 1 Weapon Failures 2 | . . . . . . . . . . . . . . . . . . . . . . 2 Overload Shots . | . . . . . . . . . . . . . . . . . . . . . . . Overflow Damage 1954 | . . 31 6 155 146 32 . 34 213 247 48 4 . 110 . 18 13 228 5 29 22 613 Projectiles 128 | . . . 6 . 5 . . . . 16 48 . . . . . . . . . . 53 Explosions 47 | . . 17 . . . . . . . . . 4 . . . . . . 5 . 21 . Melee 1779 | . . 14 . 155 141 32 . 34 213 231 . . . 110 . 18 13 228 . 29 1 560 Knockbacks 20 | . . . . 2 1 1 . 1 3 1 . . . . . . . . . . . 11 Impact 9 | . . . . 2 1 1 . 1 3 1 . . . . . . . . . . . . Kinetic 11 | . . . . . . . . . . . . . . . . . . . . . . 11 Secondary . | . . . . . . . . . . . . . . . . . . . . . . . Self-Inflicted Damage 126 | . . 43 . . . 52 . . . . . . . . . . . . 16 15 . . Shots 5 | . . 3 . . . 1 . . . . . . . . . . . . 1 . . . Rammed 3 | . . . . . . . . . . . . . . . . . . . . 3 . . Targets Rammed 3 | . . . . . . . . . . . . . . . . . . . . 3 . . Kicked . | . . . . . . . . . . . . . . . . . . . . . . . Crushed . | . . . . . . . . . . . . . . . . . . . . . . . Highest Temperature 668 | 54 . 218 183 . 200 108 237 266 . 410 90 52 . . . 7 . 320 237 229 192 668 Average Temperature 97 | 25 . 103 96 . 93 43 116 135 . 99 45 27 . . . 7 . 93 72 79 65 127 Received Heat Transfer 1850 | . . 132 18 . . 39 12 . . 12 12 12 43 . . . . 72 27 246 9 1216 Effects 6 | . . . . . . . . . . . . . . . . . . 3 . . . 3 Energy Bleed 1 | . . . . . . . . . . . . . . . . . . . . . . 1 Interference 3 | . . . . . . . . . . . . . . . . . . 3 . . . . Matter Decay 2 | . . . . . . . . . . . . . . . . . . . . . . 2 Siege Activations 5 | . . . . . . . . . . . . . . . . . . . . . . 5 Total Turns 200 | . . . . . . . . . . . . . . . . . . . . . . 200 Longest Duration 89 | . . . . . . . . . . . . . . . . . . . . . . 89 Martial Activations . | . . . . . . . . . . . . . . . . . . . . . . . Shielding Activations . | . . . . . . . . . . . . . . . . . . . . . . . Robots Disrupted . | . . . . . . . . . . . . . . . . . . . . . . . Combat Hostiles . | . . . . . . . . . . . . . . . . . . . . . . . Robots Corrupted 18 | . . 1 . 1 . 1 . . 3 2 . . . . . . . 5 . 2 3 . Combat Hostiles 14 | . . 1 . . . . . . 3 . . . . . . . . 5 . 2 3 . Parts Fried 34 | . . 1 . . . 2 . . 1 3 . . . . . . . 10 5 5 6 1 Impact Corruptions 14 | . . . . 2 1 1 . 1 8 1 . . . . . . . . . . . . Robots Melted 2 | . . . . . . 1 . . . . . . . . . . . . . . . 1 Combat Hostiles 1 | . . . . . . . . . . . . . . . . . . . . . . 1 Parts Melted 11 | 1 . 1 2 . . 2 . . . . . . . . . . . . . . . 5 Heat Transferred 5886 | 150 . . 310 25 250 200 . . . . . . . . . . . . 198 370 . 4383 Parts Sabotaged . | . . . . . . . . . . . . . . . . . . . . . . . Parts Stolen . | . . . . . . . . . . . . . . . . . . . . . . . Parts Stripped . | . . . . . . . . . . . . . . . . . . . . . . . Power Chain Reactions 1 | . . . . . . . . . . . . . . . . . . . 1 . . . Alert | -11 -10 -10 -8 -8 -6 -6 -6 -6 -5 -5 -5 -5 -5 -4 -4 -4 -3 -3 -2 -2 -1 -1 ------- Run | Yrd Mat Sub Rec Scr Fac Low Low Zio Pro Fac Upp Upp War Pro Fac DSF Res Tes Res Qua Acc Com Maximum Alert Level 5 | . . . . . . . . . . 3 . . . . 1 2 2 5 5 4 3 3 Low Security (%) 45 | 100 100 . 100 . 100 . . . . 22 . . . . 54 23 26 . . . . 68 Level 1 9 | . . . . . . . . . . 34 . . . . 45 30 21 4 . . . . Level 2 12 | . . . . . . . . . . 25 . . . . . 46 51 4 35 . . 16 Level 3 15 | . . . . . . . . . . 17 . . . . . . . 27 28 27 100 14 Level 4 15 | . . . . . . . . . . . . . . . . . . 54 14 72 . . Level 5 1 | . . . . . . . . . . . . . . . . . . 8 21 . . . High Security . | . . . . . . . . . . . . . . . . . . . . . . . Max Security . | . . . . . . . . . . . . . . . . . . . . . . . Sterilizations 1 | . . . . . . . . . . . . . . . . 1 . . . . . . Peak Influence 1928 | 5 3 . 94 . 64 . . . . 1029 . . . . 388 439 466 1928 1858 1562 884 800 Initial 1080 | . 3 . . . . . . . . 57 . . . . 388 114 246 221 1080 1039 820 541 Average 524 | 1 . . 26 . 11 . . . . 401 . . . . 200 314 313 1184 1049 1270 822 490 Influence Increases 12924 | 10 . 164 346 . 253 289 103 . 399 1775 422 698 465 574 305 385 628 2655 1588 1174 207 484 Destroy 0b10 Robot/C 5360 | . . 120 40 . 100 220 40 . 180 620 180 320 280 300 . 180 220 1220 580 480 120 160 Destroy 0b10 Robot/NC 440 | 10 . . 20 . 10 5 . . 10 120 5 . . 25 . 10 40 80 50 35 . 20 Destroy Leader 756 | . . . . . 30 20 20 . 20 136 30 30 . 30 . 20 54 144 100 62 20 40 Allied During Kill 4157 | . . 14 49 . 84 44 43 . 189 730 192 348 170 219 . 139 248 706 652 330 . . Successful Hack 158 | . . . 27 . 15 . . . . . . . . . 5 . 24 30 11 24 22 . Select Force Hacks 210 | . . . 210 . . . . . . . . . . . . . . . . . . . Disable Machine 315 | . . . . . . . . . . 60 . . . . . . 30 135 45 45 . . Anti-Garrison Action 150 | . . . . . . . . . . . . . . . . . . 150 . . . . Destroy Structure 523 | . . . . . 14 . . . . 94 . . . . . 36 12 160 120 48 15 24 Advance Influence 300 | . . . . . . . . . . . . . . . 300 . . . . . . . Lose Combat Pursuer 555 | . . 30 . . . . . . . 15 15 . 15 . . . . 30 30 150 30 240 Influence Decreases 12187 | 5 5 164 310 36 253 289 103 . 307 854 771 543 1105 613 282 109 673 1127 1662 1653 729 594 Entered New Map 4546 | . 2 . . 36 . . . . . 35 375 127 819 179 52 49 193 173 842 809 549 306 Time Decay 4804 | 5 3 132 310 . 148 229 103 . 287 509 356 356 136 414 80 . 310 514 140 404 170 198 Lost Part 222 | . . 12 . . 10 . . . . . . . 20 . . . . 20 . 60 10 90 Lost Ally 1415 | . . 20 . . 95 60 . . 20 160 40 60 130 20 . 60 20 270 80 380 . . Purge Threat 1200 | . . . . . . . . . . 150 . . . . 150 . 150 150 600 . . . Squads Dispatched 52 | . . . . . 4 . . . . 8 . . . . . 1 3 16 6 10 2 2 Investigation 9 | . . . . . 1 . . . . 3 . . . . . . . 2 2 . 1 . Extermination 12 | . . . . . 2 . . . . 3 . . . . . . 1 1 1 3 . 1 Reinforcement 19 | . . . . . 1 . . . . . . . . . . 1 2 7 2 5 1 . Assault 12 | . . . . . . . . . . 2 . . . . . . . 6 1 2 . 1 Garrison . | . . . . . . . . . . . . . . . . . . . . . . . Intercept . | . . . . . . . . . . . . . . . . . . . . . . . Searches Triggered . | . . . . . . . . . . . . . . . . . . . . . . . Construction Impeded 1 | . . . . . . . . . . . . . . . . . . . 1 . . . Haulers Reinforced 2 | . . . . . . . . . . . . . . . . . 1 . 1 . . . Active Scanning Responses . | . . . . . . . . . . . . . . . . . . . . . . . Cargo Convoy Interrupts 1 | . . . . . 1 . . . . . . . . . . . . . . . . . Stealth | -11 -10 -10 -8 -8 -6 -6 -6 -6 -5 -5 -5 -5 -5 -4 -4 -4 -3 -3 -2 -2 -1 -1 --------- Run | Yrd Mat Sub Rec Scr Fac Low Low Zio Pro Fac Upp Upp War Pro Fac DSF Res Tes Res Qua Acc Com Distress Signals 21 | . . . . . . . . . . 3 . . . . . . . 3 4 3 . 8 Communications Jammed 175 | . . . . . . . . . . . . . . . . . . 174 . . . 1 Distress Signals 174 | . . . . . . . . . . . . . . . . . . 173 . . . 1 Times Spotted 406 | . . 17 3 . 4 10 1 . 7 26 9 11 46 8 . 6 3 81 23 55 8 88 Peak Tracking Total 25 | . . 5 2 . 2 5 1 . 4 8 4 4 13 4 . 4 1 8 7 11 4 25 Tactical Retreats 19 | . . 1 . . . . . . . 1 1 . 1 . . . . 1 1 5 2 6 Traps | -11 -10 -10 -8 -8 -6 -6 -6 -6 -5 -5 -5 -5 -5 -4 -4 -4 -3 -3 -2 -2 -1 -1 ------- Run | Yrd Mat Sub Rec Scr Fac Low Low Zio Pro Fac Upp Upp War Pro Fac DSF Res Tes Res Qua Acc Com Traps Triggered 9 | . . . . . . . . . . . . . . . . 2 . 1 3 . 1 2 Indirectly 3 | . . . . . . . . . . . . . . . . . . . 3 . . . Trap Hack Attempts . | . . . . . . . . . . . . . . . . . . . . . . . Triggered . | . . . . . . . . . . . . . . . . . . . . . . . Disarmed . | . . . . . . . . . . . . . . . . . . . . . . . Reprogrammed . | . . . . . . . . . . . . . . . . . . . . . . . Reused . | . . . . . . . . . . . . . . . . . . . . . . . Traps Extracted . | . . . . . . . . . . . . . . . . . . . . . . . Installed . | . . . . . . . . . . . . . . . . . . . . . . . Triggered . | . . . . . . . . . . . . . . . . . . . . . . . Most Traps Carried 2 | . . 2 . . . . . . . . . . . . . . . . . . . . Machines | -11 -10 -10 -8 -8 -6 -6 -6 -6 -5 -5 -5 -5 -5 -4 -4 -4 -3 -3 -2 -2 -1 -1 ---------- Run | Yrd Mat Sub Rec Scr Fac Low Low Zio Pro Fac Upp Upp War Pro Fac DSF Res Tes Res Qua Acc Com Machines Disabled 31 | . . 5 . . . . . . . 4 . . . 1 . . 2 12 3 4 . . Max in Single Turn 3 | . . 3 . . . . . . . 1 . . . 1 . . . 1 . 1 . . Garrison Access 4 | . . . . . . . . . . 1 . . . . . . 1 1 . 1 . . Machines Repaired . | . . . . . . . . . . . . . . . . . . . . . . . Machines Dismantled . | . . . . . . . . . . . . . . . . . . . . . . . Machines Sabotaged . | . . . . . . . . . . . . . . . . . . . . . . . Overloaded Fab Kills . | . . . . . . . . . . . . . . . . . . . . . . . Hacking | -11 -10 -10 -8 -8 -6 -6 -6 -6 -5 -5 -5 -5 -5 -4 -4 -4 -3 -3 -2 -2 -1 -1 --------- Run | Yrd Mat Sub Rec Scr Fac Low Low Zio Pro Fac Upp Upp War Pro Fac DSF Res Tes Res Qua Acc Com Machines Accessed 57 | . . 1 13 3 3 . 1 . . 4 . . 3 . 3 . 2 7 5 6 5 1 Terminals 26 | . . . 6 . 1 . 1 . . . . . . . 1 . . 5 3 5 4 . Fabricators 3 | . . . . . . . . . . 1 . . . . 1 . . 1 . . . . Repair Stations . | . . . . . . . . . . . . . . . . . . . . . . . Recycling Units 13 | . . . 7 . 1 . . . . 2 . . . . . . . . 2 . . 1 Scanalyzers 5 | . . . . . 1 . . . . 1 . . . . 1 . 1 1 . . . . Garrison Access 3 | . . . . . . . . . . . . . . . . . 1 . . 1 1 . Total Hacks 165 | . . 1 43 20 12 . 1 . . 8 . . 5 . 9 . 3 17 21 11 12 2 Successful 87 | . . 1 24 20 6 . 1 . . 2 . . 5 . 4 . 2 7 8 2 5 . Failed 76 | . . . 18 . 6 . . . . 6 . . . . 5 . . 10 13 9 7 2 Catastrophic 12 | . . . 3 . 1 . . . . . . . . . . . . 3 . 4 1 . Database Lockouts 2 | . . . 1 . . . . . . . . . . . . . 1 . . . . . Manual 63 | . . . 33 . 3 . . . . 4 . . . 1 2 . . 5 6 4 3 2 Terminals 81 | . . . 29 . 3 . 1 . . . . . . . 3 . . 9 16 10 10 . Fabricators 9 | . . . . . . . . . . 2 . . . . 2 . . 5 . . . . Repair Stations . | . . . . . . . . . . . . . . . . . . . . . . . Recycling Units 28 | . . . 14 . 4 . . . . 3 . . . . . . . . 5 . . 2 Scanalyzers 17 | . . . . . 5 . . . . 3 . . . . 4 . 2 3 . . . . Garrison Access 4 | . . . . . . . . . . . . . . . . . 1 . . 1 2 . Terminal Hacks 47 | . . 1 3 20 1 . 1 . . . . . 5 . 1 . . 3 7 1 4 . Record 24 | . . . . 18 . . 1 . . . . . 5 . . . . . . . . . Part Schematic 3 | . . . 1 . . . . . . . . . . . . . . 1 . 1 . . Prototype ID Bank 1 | . . . 1 . . . . . . . . . . . . . . . . . . . Open Door 5 | . . . . 1 . . . . . . . . . . . . . 1 . . 3 . Open DSF 1 | . . . . . . . . . . . . . . . 1 . . . . . . . Branch Access Points 1 | . . . . . . . . . . . . . . . . . . . 1 . . . Terminal Index 2 | . . . 1 . . . . . . . . . . . . . . . . . 1 . Fabricator Index 1 | . . . . . . . . . . . . . . . . . . . 1 . . . Alert Level 1 | . . . . . . . . . . . . . . . . . . . 1 . . . Unreport Threat 4 | . . . . . . . . . . . . . . . . . . . 4 . . . Locate Traps 1 | . . . . . 1 . . . . . . . . . . . . . . . . . Registered Prototypes 1 | . . . . . . . . . . . . . . . . . . 1 . . . . Proto ID Catalog 2 | . . 1 . 1 . . . . . . . . . . . . . . . . . . Fabricator Hacks 1 | . . . . . . . . . . . . . . . . . . 1 . . . . Load Schematic 1 | . . . . . . . . . . . . . . . . . . 1 . . . . Repair Station Hacks . | . . . . . . . . . . . . . . . . . . . . . . . Recycling Unit Hacks 8 | . . . 7 . 1 . . . . . . . . . . . . . . . . . Report Inventory 8 | . . . 7 . 1 . . . . . . . . . . . . . . . . . Scanalyzer 8 | . . . . . 3 . . . . . . . . . 3 . 1 1 . . . . Insert Component 3 | . . . . . 1 . . . . . . . . . 2 . . . . . . . Analyze 1 | . . . . . . . . . . . . . . . 1 . . . . . . . Retrieve Study 4 | . . . . . 2 . . . . . . . . . . . 1 1 . . . . Garrison Access Hacks 2 | . . . . . . . . . . . . . . . . . 1 . . 1 . . Seal Access 2 | . . . . . . . . . . . . . . . . . 1 . . 1 . . Unauthorized Hacks 21 | . . . 14 . 1 . . . . 2 . . . . . . . 2 1 . 1 . Terminals 8 | . . . 7 . . . . . . . . . . . . . . . . . 1 . Botnet 3 | . . . 2 . . . . . . . . . . . . . . . . . 1 . Skim 5 | . . . 5 . . . . . . . . . . . . . . . . . . . Fabricators 1 | . . . . . . . . . . . . . . . . . . 1 . . . . Recompile 1 | . . . . . . . . . . . . . . . . . . 1 . . . . Repair Stations . | . . . . . . . . . . . . . . . . . . . . . . . Recycling Units 11 | . . . 7 . 1 . . . . 2 . . . . . . . . 1 . . . Recyclers 1 | . . . . . 1 . . . . . . . . . . . . . . . . . Tunnel 7 | . . . 7 . . . . . . . . . . . . . . . . . . . Fedlink 2 | . . . . . . . . . . 2 . . . . . . . . . . . . Scrapoids 1 | . . . . . . . . . . . . . . . . . . . 1 . . . Scanalyzers 1 | . . . . . . . . . . . . . . . . . . 1 . . . . Researchers 1 | . . . . . . . . . . . . . . . . . . 1 . . . . Garrison Access . | . . . . . . . . . . . . . . . . . . . . . . . Data Cores Recovered 1 | . . . . . . . . . . . . . . . . . . 1 . . . . Used . | . . . . . . . . . . . . . . . . . . . . . . . Hacking Detections 35 | . . . 8 . 2 . . . . 3 . . . . 3 . 1 6 4 4 3 1 Full Trace Events 3 | . . . . . 1 . . . . 1 . . . . . . . . 1 . . . Feedback Events 1 | . . . . . . . . . . 1 . . . . . . . . . . . . Corruption 1 | . . . . . . . . . . 1 . . . . . . . . . . . . Feedback Blocked 1 | . . . . . . . . . . . . . . . . . . . 1 . . . Robot Schematics Acquired 7 | . . . . . . . . 3 . . . . . . . . . 2 . 2 . . Robots Built . | . . . . . . . . . . . . . . . . . . . . . . . Authchips . | . . . . . . . . . . . . . . . . . . . . . . . Time . | . . . . . . . . . . . . . . . . . . . . . . . Total Robot Build Rating . | . . . . . . . . . . . . . . . . . . . . . . . Part Schematics Acquired 35 | . . . 1 . . . . 15 . . . . . . 1 . . 8 . 10 . . Parts Built . | . . . . . . . . . . . . . . . . . . . . . . . Authchips . | . . . . . . . . . . . . . . . . . . . . . . . Time . | . . . . . . . . . . . . . . . . . . . . . . . Total Part Build Rating . | . . . . . . . . . . . . . . . . . . . . . . . Part Studies Acquired 4 | . . . . . 2 . . . . . . . . . . . 1 1 . . . . Parts Repaired . | . . . . . . . . . . . . . . . . . . . . . . . Time . | . . . . . . . . . . . . . . . . . . . . . . . Parts Recycled . | . . . . . . . . . . . . . . . . . . . . . . . Recycled Matter . | . . . . . . . . . . . . . . . . . . . . . . . Retrieved Matter . | . . . . . . . . . . . . . . . . . . . . . . . Retrieved Components . | . . . . . . . . . . . . . . . . . . . . . . . Parts Scanalyzed 3 | . . . . . 1 . . . . . . . . . 2 . . . . . . . Part Schematics Acquired 1 | . . . . . . . . . . . . . . . 1 . . . . . . . Parts Damaged . | . . . . . . . . . . . . . . . . . . . . . . . Bothacking | -11 -10 -10 -8 -8 -6 -6 -6 -6 -5 -5 -5 -5 -5 -4 -4 -4 -3 -3 -2 -2 -1 -1 ------------ Run | Yrd Mat Sub Rec Scr Fac Low Low Zio Pro Fac Upp Upp War Pro Fac DSF Res Tes Res Qua Acc Com Used RIF Installer . | . . . . . . . . . . . . . . . . . . . . . . . Robots Hacked 14 | . . . . 1 2 . . . . . . 6 . . . . 2 2 . 1 . . Non-combat 2 | . . . . . 2 . . . . . . . . . . . . . . . . . Combat 12 | . . . . 1 . . . . . . . 6 . . . . 2 2 . 1 . . Robot Hacks Applied 17 | . . . . 1 2 . . . . . . 8 . . . . 3 2 . 1 . . parse_system 15 | . . . . 1 . . . . . . . 8 . . . . 3 2 . 1 . . find_chute 1 | . . . . . 1 . . . . . . . . . . . . . . . . . find_recycling 1 | . . . . . 1 . . . . . . . . . . . . . . . . . Relay Couplers Released 1 | . . . . . . . . . . . . . . . . . . 1 . . . . Machine Destruction 1 | . . . . . . . . . . . . . . . . . . 1 . . . . Fabnet Peak Effective % . | . . . . . . . . . . . . . . . . . . . . . . . Robots Rewired 11 | . . . 6 . . . . . . . . . 5 . . . . . . . . . Allies Hacked 2 | . . . . . . . . . . . . . . . . . . 2 . . . . Hacks Repelled 4 | . . . . . . . . . . 2 . . . . . . . . . 2 . . Allies | -11 -10 -10 -8 -8 -6 -6 -6 -6 -5 -5 -5 -5 -5 -4 -4 -4 -3 -3 -2 -2 -1 -1 -------- Run | Yrd Mat Sub Rec Scr Fac Low Low Zio Pro Fac Upp Upp War Pro Fac DSF Res Tes Res Qua Acc Com Total Allies 72 | . . 13 6 . . . 6 . 5 10 6 4 5 5 . . 6 . 5 1 . . Largest Group 15 | . . 9 15 15 14 3 4 4 4 4 4 4 9 4 3 3 4 2 5 . . . Highest-Rated Group 601 | . . 171 276 276 257 57 324 324 324 324 324 319 601 324 243 243 324 146 323 . . . Highest-Rated Ally 81 | . . 19 34 34 34 19 81 81 81 81 81 81 81 81 81 81 81 81 67 . . . Initial UFD Resources 51 | . . . . . 24 24 24 24 28 28 42 42 42 45 45 45 48 48 51 48 50 50 Total Orders 13 | . . . . . 1 . . . . . . 2 3 . . . 2 2 . 1 . 2 STAY 4 | . . . . . 1 . . . . . . 1 . . . . 2 . . . . . FOLLOW 2 | . . . . . . . . . . . . 1 1 . . . . . . . . . GUARD 2 | . . . . . . . . . . . . . 2 . . . . . . . . . RETURN 5 | . . . . . . . . . . . . . . . . . . 2 . 1 . 2 Ally Attacks 1343 | . . 32 13 . 52 42 21 10 40 159 54 41 79 96 . 61 60 348 152 83 . . Total Damage 50163 | . . 451 224 . 819 911 471 224 1684 5669 2258 2199 4575 2971 . 1957 2153 14037 5977 3583 . . Kills 292 | . . 2 2 . 5 9 2 4 12 43 7 17 23 17 . 9 16 67 33 24 . . Allies Corrupted 7 | . . . . 1 1 . . . . . . . . . . . . 4 . 1 . . Allies Melted 7 | . . . . . . 1 . . . . . . 2 . . . . . . . . 4 Borg Created 55 | . . . . . 2 5 2 . 2 6 1 . . 2 . . 4 14 3 14 . . Largest Collective 7 | . . . . . 2 4 5 . 6 7 7 . . 5 . . 5 6 6 6 . . Intel | -11 -10 -10 -8 -8 -6 -6 -6 -6 -5 -5 -5 -5 -5 -4 -4 -4 -3 -3 -2 -2 -1 -1 ------- Run | Yrd Mat Sub Rec Scr Fac Low Low Zio Pro Fac Upp Upp War Pro Fac DSF Res Tes Res Qua Acc Com Active Infowar (turns) 14556 | . 135 1407 . . 946 903 978 2622 743 585 750 799 290 542 152 217 696 1257 71 92 333 1038 Optics 1999 | . . 1170 . . . . . . . . . . 1 . . . . . . . . 828 IFF 7395 | . . . . . . 877 978 2622 743 99 750 667 117 542 . . . . . . . . Terrain 409 | . . . . . . . . . . . . . . . . . . . . . 329 80 Structural 2232 | . . . . . . . 2 . . . . . 172 . 152 217 696 830 71 92 . . Seismic 709 | . 135 237 . . 311 26 . . . . . . . . . . . . . . . . Machine Analysis 800 | . . . . . 795 . . . . . . . . . . . . . . . 5 . Cloaking 113 | . . . . . . . . . . . . . . . . . . . . . 12 101 Jamming 1818 | . . . . . . . . . . 486 . 132 . 105 . . . 887 . . 11 197 Robot Analysis Total . | . . . . . . . . . . . . . . . . . . . . . . . Derelict Logs Recovered 17 | . . 1 . 5 . 2 1 . 1 . 3 2 . 2 . . . . . . . . Drone Launches 8 | . . . . . . . . . . . . . . . . . . 5 . 1 . 2 Drone Recoveries 7 | . . . . . . . . . . . . . . . . . . 4 . 1 . 2 Exploration | -11 -10 -10 -8 -8 -6 -6 -6 -6 -5 -5 -5 -5 -5 -4 -4 -4 -3 -3 -2 -2 -1 -1 ------------- Run | Yrd Mat Sub Rec Scr Fac Low Low Zio Pro Fac Upp Upp War Pro Fac DSF Res Tes Res Qua Acc Com Turns Passed 29499 | 99 142 6317 1677 4100 960 903 982 2626 799 1550 815 807 1232 1064 177 217 696 1410 297 978 341 1310 Spaces Moved 16581 | 74 74 2649 642 2743 552 622 646 1132 499 986 662 632 834 655 118 96 317 719 200 744 299 686 Core 46 | 17 . . . . . . . . . 2 . . . . . . . . . . . 27 Treads 215 | . . 13 . . . . . . . . . . . . . . . . . . . 202 Legs 57 | . . . . . . . . . . . . . . . . . . . . . . 57 Wheels 12918 | 57 74 2636 642 2743 552 622 646 1132 499 984 662 632 834 203 . . . . . . . . Hover 3345 | . . . . . . . . . . . . . . 452 118 96 317 719 200 744 299 400 Flight . | . . . . . . . . . . . . . . . . . . . . . . . Fastest Speed 19 | 50 100 131 200 95 115 115 130 130 145 115 115 115 115 115 134 134 66 78 74 21 83 19 Average Speed 137 | 88 148 179 215 140 145 129 134 139 145 122 115 115 115 137 134 134 128 124 98 80 87 87 Slowest Speed 2750 | 100 175 560 230 215 185 130 160 145 145 2750 115 115 160 351 140 134 134 129 129 129 96 190 Overloaded Moves 327 | . . . . . . . . . . . . . . . . . 7 . 62 194 . 64 Propulsion Burnouts . | . . . . . . . . . . . . . . . . . . . . . . . Robots Hopped . | . . . . . . . . . . . . . . . . . . . . . . . Potential Cave-ins 9 | . . 7 . . . . . . . . . . . . . . . . . . . 2 Cave-ins Triggered 1 | . . 1 . . . . . . . . . . . . . . . . . . . . Exploration Rate (%) 57 | 3 18 96 96 90 11 83 81 86 75 17 85 92 93 76 6 98 11 88 11 61 8 26 Regions Visited 22 Branch Regions 14 Pre-discovered Areas 17 | . . 1 7 5 . . . 3 . 1 . . . . . . . . . . . . Known Exits Taken 13 | . . . . . 1 1 . . 1 1 1 1 . 1 1 . 1 1 1 1 1 . Unknown Exits Taken 8 | 1 1 1 1 1 . . 1 1 . . . . 1 . . . . . . . . . Scrap Searched 35 | . . 11 . 3 . 3 4 3 2 . 5 3 . 1 . . . . . . . . Spaces Dug 95 | . . 60 . . 1 . . . 1 4 . 2 1 . . . 1 6 3 5 5 6 Terrain Destroyed 258 | . . 164 . . 2 29 . . 1 4 . 15 1 . . . 1 7 4 5 5 20 Melee 22 | . . 3 . . 1 . . . 1 4 . 1 1 . . . 1 2 1 2 4 1 Projectile 90 | . . 52 . . 1 4 . . . . . 3 . . . . . 5 2 3 1 19 AOE 146 | . . 109 . . . 25 . . . . . 11 . . . . . . 1 . . . Terrain Rammed . | . . . . . . . . . . . . . . . . . . . . . . . Walls Destroyed . | . . . . . . . . . . . . . . . . . . . . . . . Machines Disabled . | . . . . . . . . . . . . . . . . . . . . . . . Actions | -11 -10 -10 -8 -8 -6 -6 -6 -6 -5 -5 -5 -5 -5 -4 -4 -4 -3 -3 -2 -2 -1 -1 --------- Run | Yrd Mat Sub Rec Scr Fac Low Low Zio Pro Fac Upp Upp War Pro Fac DSF Res Tes Res Qua Acc Com Total 22348 | 97 107 3962 920 2990 691 692 757 2177 554 1260 701 694 1088 793 137 161 569 1120 280 1041 362 1195 Wait 4222 | . 21 1089 215 194 94 35 80 1031 39 183 14 28 139 79 7 21 209 262 35 191 14 242 Move 16558 | 73 73 2647 641 2742 551 621 645 1131 498 985 661 631 833 654 118 95 316 718 199 743 298 685 Hop . | . . . . . . . . . . . . . . . . . . . . . . . Pick Up 200 | 13 7 21 9 18 8 4 8 4 2 14 2 1 6 8 3 1 8 12 5 9 9 28 Fast Attach 103 | . 1 4 1 1 4 2 3 1 . 5 1 1 14 12 2 3 1 5 2 7 4 29 Attach 75 | 6 1 4 . 1 3 . . . . 3 3 1 6 2 3 . 1 1 2 4 9 25 Detach 32 | . . 2 . . . . . . . . 2 1 3 1 . 1 . 1 1 3 4 13 Swap 191 | . 1 41 4 11 8 5 6 6 2 13 4 10 6 4 . . 3 26 9 16 . 16 Drop 246 | . 3 17 8 18 9 7 11 2 1 16 3 3 20 20 4 3 8 16 11 11 11 44 Fire 378 | 5 . 123 10 2 6 11 . . . 9 8 14 . . . . . 44 12 29 6 99 Melee 149 | . . 13 3 3 6 2 . 2 7 25 1 3 2 8 . 11 17 18 1 6 7 14 Ram 3 | . . . . . . . . . . . . . . . . . . . . 3 . . Kick . | . . . . . . . . . . . . . . . . . . . . . . . Crush . | . . . . . . . . . . . . . . . . . . . . . . . Escape Stasis 27 | . . 1 . . . . . . . . . . . . . 26 . . . . . . Rewire 87 | . . . 29 . . . . . 2 . . . 54 . . . . . . 2 . . Trap . | . . . . . . . . . . . . . . . . . . . . . . . Miscellaneous 77 | . . . . . 2 5 4 . 3 7 2 1 5 5 . . 6 17 3 17 . . Route ------- -11/Scrapyard -10/Materials -10/Subcaves (discovered 3 exits: [*Mat x2] / *Rec) -8/Recycling (discovered 2 exits: *Fac / *Scr) -8/Scraptown (discovered 2 exits: *Fac x2) -6/Factory (discovered 6 exits: Fac x4 / *Low x2) -6/Lower Caves -6/Lower Caves (discovered 2 exits: Fac / *Zio) -6/Zion -5/Proximity Caves -5/Factory (discovered 2 exits: *Upp x2) -5/Upper Caves -5/Upper Caves (discovered 2 exits: *Fac / *War) -5/Warlord -4/Proximity Caves -4/Factory (discovered 4 exits: Res x2 / Arm / DSF) -4/DSF -3/Research (discovered 2 exits: Res / *Tes) -3/Testing -2/Research (discovered 3 exits: Acc / *Qua x2) -2/Quarantine -1/Access -1/Command (discovered 2 exits: *Sur x2) To Epsilon Eridani History --------- Turn | Location | Event 4 | -11/Scrapyard | Discovered new exit (range 16) 100 | -11/Scrapyard | Entered Materials 233 | -10/Materials | Discovered new exit (range 6) 242 | -10/Materials | Entered Subcaves 303 | -10/Subcaves | A swath of the cavern ceiling suddenly collapsed 315 | -10/Subcaves | Build established: Mutant 476 | -10/Subcaves | Disturbed a concealed Subdweller 523 | -10/Subcaves | Shifting Twisted Machinery released Sub. Optics 526 | -10/Subcaves | Shifting Twisted Machinery released Piercing Trap 873 | -10/Subcaves | Visited triangular shrine 884 | -10/Subcaves | Found Prototype Device 884 | -10/Subcaves | Identified V3-11A's Pendant 889 | -10/Subcaves | Befriended Subdweller 1058 | -10/Subcaves | Discovered new exit (range 6) 1170 | -10/Subcaves | Approached by friendly Subdweller 1339 | -10/Subcaves | Befriended Subdweller 1439 | -10/Subcaves | Befriended Subdweller 1646 | -10/Subcaves | Learned location of Zion (-6) 1646 | -10/Subcaves | Met a Zionite searching for "candidates" 1906 | -10/Subcaves | Discovered new exit (range 14) 2214 | -10/Subcaves | Befriended Subdweller 2719 | -10/Subcaves | Discovered new exit (range 9) 2789 | -10/Subcaves | Befriended Subdweller 3019 | -10/Subcaves | Befriended Subdweller 4903 | -10/Subcaves | Visited 4L-MR0's lab 4923 | -10/Subcaves | Found Prototype Special Melee Weapon 4931 | -10/Subcaves | Found Cargo Legs 5056 | -10/Subcaves | Befriended Subdweller 5066 | -10/Subcaves | Befriended Subdweller 5179 | -10/Subcaves | Ambushed by Subdwellers from Twisted Machinery 5181 | -10/Subcaves | Befriended Subdweller 5181 | -10/Subcaves | Befriended Subdweller 5228 | -10/Subcaves | Shifting Twisted Machinery released Flamer 5258 | -10/Subcaves | Shifting Twisted Machinery released Barrage Gun 5551 | -10/Subcaves | Befriended Subdweller 5556 | -10/Subcaves | Befriended Subdweller 6017 | -10/Subcaves | Crushed by falling debris 6018 | -10/Subcaves | Core integrity fell below 50% 6559 | -10/Subcaves | Entered Recycling 6559 | -8/Recycling | Accompanied by 9 allies 6560 | -8/Recycling | Met a Zionite searching for Scraptown 6560 | -8/Recycling | Joined Warlord attack on 0b10 via Recycling 7017 | -8/Recycling | Learned 4 Lower Caves zone layouts 7029 | -8/Recycling | Discovered new exit (range 15) 7065 | -8/Recycling | Learned Factory repair station intel 7101 | -8/Recycling | Learned location of 2 exits from Factory 7147 | -8/Recycling | Learned 2 Lower Caves zone layouts 7154 | -8/Recycling | Learned Factory fabricator intel 7171 | -8/Recycling | Learned Factory garrison access intel 7196 | -8/Recycling | Learned Storage trap positions 7543 | -8/Recycling | Build established: Commander-Mutant 8135 | -8/Recycling | Scanned before Scraplab entrance 8167 | -8/Recycling | Entered Scraplab 8228 | -8/Recycling | Discovered new exit (range 3) 8236 | -8/Recycling | Entered Scraptown 8236 | -8/Scraptown | Accompanied by 15 allies 8427 | -8/Scraptown | Visited Fellowship of the Rings 8449 | -8/Scraptown | Visited TADAMA 8465 | -8/Scraptown | Visited Symbiants 8487 | -8/Scraptown | Visited Comm Corps 8497 | -8/Scraptown | Visited SPCMW 8521 | -8/Scraptown | Visited Awakened 8603 | -8/Scraptown | Heard Great Nut preacher, LISTEN AND RECITE! 8621 | -8/Scraptown | Scanned Subdweller tech in exchange for log data 8626 | -8/Scraptown | Learned Factory interactive machine intel 8627 | -8/Scraptown | Learned location of 2 exits from Upper Caves 8628 | -8/Scraptown | Learned location of 2 exits from Lower Caves 8630 | -8/Scraptown | Learned Research trap positions 8647 | -8/Scraptown | Discovered new exit (range 13) 8875 | -8/Scraptown | Delivered V3-11A's Pendant to T0-NE2 in exchange for information 8987 | -8/Scraptown | Visited UFD Registry 8987 | -8/Scraptown | Registered with UFD as "Fluxmind" 9020 | -8/Scraptown | Visited Derelict Rescue Squad 9032 | -8/Scraptown | Found DRS Beacon 9061 | -8/Scraptown | Visited Curators Association 9089 | -8/Scraptown | Visited Science Guys 9132 | -8/Scraptown | Visited Scrapoid Research Area 9152 | -8/Scraptown | Visited Scrapoid Pod Storage 9173 | -8/Scraptown | Visited A0-MCA Data Center 9185 | -8/Scraptown | Visited Cartography Club 9210 | -8/Scraptown | Visited Research Penetration Think Tank 9245 | -8/Scraptown | Visited Sword Containment 9269 | -8/Scraptown | Visited Infowarlord's Domain 9559 | -8/Scraptown | Given a B- rating by A0-MCA 9564 | -8/Scraptown | Found A0-MCA's Component Scanner 9799 | -8/Scraptown | Found Surveybot 17 Chip 9839 | -8/Scraptown | Learned location of Upper Caves (-5) 9839 | -8/Scraptown | Learned location of Warlord (-5) 9839 | -8/Scraptown | Learned 4 Access zone layouts 9839 | -8/Scraptown | Learned 8 Access zone layouts 9839 | -8/Scraptown | Learned 4 Mines zone layouts 9839 | -8/Scraptown | Learned 16 Upper Caves zone layouts 9839 | -8/Scraptown | Learned 24 Upper Caves zone layouts 9839 | -8/Scraptown | Learned 20 Proximity Caves zone layouts 9839 | -8/Scraptown | Learned 4 Armory zone layouts 9839 | -8/Scraptown | Learned Factory emergency access door positions 9839 | -8/Scraptown | Learned location of 3 exits from Factory 9839 | -8/Scraptown | Learned location of 2 exits from Upper Caves 9887 | -8/Scraptown | Found Deep Structural Scanner 9963 | -8/Scraptown | Found Exp. Terrain Scanner 10065 | -8/Scraptown | Found Scrapoid Pod 10530 | -8/Scraptown | Attached CPS modules to HL-CMJ(R). 10760 | -8/Scraptown | Delivered Scrap Shield to a Scientist 12092 | -8/Scraptown | Discovered new exit (range 5) 12195 | -8/Scraptown | Met Optimus 12195 | -8/Scraptown | Accepted into 0bPrime 12336 | -8/Scraptown | Entered Factory 12336 | -6/Factory | Accompanied by 14 allies 12336 | -6/Factory | Evolved 8 slots: Propulsion x1, Utility x3, Weapon x4 12337 | -6/Factory | Identified exit to Lower Caves 12338 | -6/Factory | Identified exit to Factory 12340 | -6/Factory | Loaded intel: 54 interactive machine locations 12341 | -6/Factory | Loaded intel: 6 fabricator locations 12342 | -6/Factory | Loaded intel: 6 repair station locations 12343 | -6/Factory | Loaded intel: 4 garrison access locations 12353 | -6/Factory | Identified 1B-0RG's Assimilator 12356 | -6/Factory | Assimilating Grenadier 3a into Collective. 12793 | -6/Factory | P-60 Hacker assimilated allied 43-WIM(R) 12901 | -6/Factory | Assimilating Slayer 5a into Collective. 13024 | -6/Factory | Cargo convoy interrupted 13283 | -6/Factory | Build established: Mutant 13296 | -6/Factory | Entered Lower Caves 13296 | -6/Lower Caves | Accompanied by 5 allies 13297 | -6/Lower Caves | Identified exit to Lower Caves 13298 | -6/Lower Caves | UFD Scientist delivered a prototype 13298 | -6/Lower Caves | Assimilating 5A-2ZJ(R) into Collective. 13303 | -6/Lower Caves | Found Prototype Protection 13303 | -6/Lower Caves | Identified Enh. Scrap Shield 13518 | -6/Lower Caves | Assimilating Conveyor 5a into Collective. 13690 | -6/Lower Caves | Assimilating 3O-BXX(S) into Collective. 13903 | -6/Lower Caves | Learned Factory terminal intel 13982 | -6/Lower Caves | Assimilating Hacker 5a into Collective. 14042 | -6/Lower Caves | Assimilating Hacker 5b into Collective. 14135 | -6/Lower Caves | Learned Factory trap positions 14199 | -6/Lower Caves | Entered another Lower Caves area 14199 | -6/Lower Caves | Accompanied by 3 allies 14226 | -6/Lower Caves | Encountered a Warlord checkpoint 14295 | -6/Lower Caves | Learned Factory emergency access door positions 14437 | -6/Lower Caves | Prototype Device suddenly appears! 14446 | -6/Lower Caves | Found Prototype Device 14447 | -6/Lower Caves | Identified Amulet of Y3-NDR 14491 | -6/Lower Caves | Joined by bewildered Wizard 14492 | -6/Lower Caves | Joined by bewildered Wizard 14492 | -6/Lower Caves | Joined by bewildered Wizard 14495 | -6/Lower Caves | Assimilating CN-BMX(p) into Collective. 14567 | -6/Lower Caves | Discovered new exit (range 7) 14590 | -6/Lower Caves | Joined by bewildered Wizard 14592 | -6/Lower Caves | Joined by bewildered Wizard 14782 | -6/Lower Caves | Spotted B-75 Beast 14797 | -6/Lower Caves | Allies destroyed B-75 Beast 14926 | -6/Lower Caves | Found DCF Scrap (14 items) 14962 | -6/Lower Caves | Assimilating RV-JZG(p) into Collective. 15024 | -6/Lower Caves | Joined by bewildered Wizard 15181 | -6/Lower Caves | Entered Zion 15181 | -6/Zion | Accompanied by 9 allies 15229 | -6/Zion | Found CR-A16's Pointy Stick 15299 | -6/Zion | System corruption cleaned by Quarantine Array 15345 | -6/Zion | Given A8's code to call for help 15391 | -6/Zion | Discovered new exit (range 14) 15539 | -6/Zion | Learned location of Quarantine (-2) 15588 | -6/Zion | Given the Hacking Drone Bay 15591 | -6/Zion | Found Prototype Device 15592 | -6/Zion | Identified Hacking Drone Bay 15774 | -6/Zion | Found GAL Module 15923 | -6/Zion | Found Prototype Device 15924 | -6/Zion | Identified Phasing AFG 15988 | -6/Zion | Turned away by Imprinter 16679 | -6/Zion | Attacked by Zionites 17807 | -6/Zion | Entered Proximity Caves 17807 | -5/Proximity Caves | Accompanied by 9 allies 17875 | -5/Proximity Caves | Assimilating 7F-R1R(p) into Collective. 17925 | -5/Proximity Caves | Joined by bewildered Wizard 17926 | -5/Proximity Caves | Joined by bewildered Wizard 18061 | -5/Proximity Caves | Joined by bewildered Wizard 18117 | -5/Proximity Caves | Joined by bewildered Wizard 18124 | -5/Proximity Caves | Assimilating D6-GB1(p) into Collective. 18157 | -5/Proximity Caves | Joined by bewildered Wizard 18606 | -5/Proximity Caves | Entered Factory 18606 | -5/Factory | Accompanied by 10 allies 18606 | -5/Factory | Evolved 2 slots: Propulsion x2 18607 | -5/Factory | Identified exit to Upper Caves 18608 | -5/Factory | Loaded intel: 93 trap records 18610 | -5/Factory | Loaded intel: 28 terminal locations 19197 | -5/Factory | Assimilating Smith 6a into Collective. 19222 | -5/Factory | Spotted B-75 Beast 19230 | -5/Factory | Allies destroyed B-75 Beast 19325 | -5/Factory | Joined by bewildered Wizard 19359 | -5/Factory | Loaded intel: 8 recycling unit locations 19448 | -5/Factory | Learned location of Protoforge (-2) 19493 | -5/Factory | Assimilating 0Q-Y38(p) into Collective. 19532 | -5/Factory | Lost 3 allies 19581 | -5/Factory | Assimilating Q1-NPO(p) into Collective. 19594 | -5/Factory | Joined by bewildered Wizard 19594 | -5/Factory | Joined by bewildered Wizard 19595 | -5/Factory | Joined by bewildered Wizard 19651 | -5/Factory | Joined by bewildered Wizard 19739 | -5/Factory | Assimilating PV-SK8(p) into Collective. 19918 | -5/Factory | Lost 4 allies 19982 | -5/Factory | Assimilating DX-MSP(p) into Collective. 19986 | -5/Factory | Assimilating 76-R9H(p) into Collective. 20156 | -5/Factory | Entered Upper Caves 20156 | -5/Upper Caves | Accompanied by 6 allies 20157 | -5/Upper Caves | Encountered a Warlord checkpoint 20157 | -5/Upper Caves | Identified exit to Upper Caves 20161 | -5/Upper Caves | Assimilating 4B-T1L(M) into Collective. 20285 | -5/Upper Caves | Joined by bewildered Wizard 20287 | -5/Upper Caves | Joined by bewildered Wizard 20288 | -5/Upper Caves | Joined by bewildered Wizard 20298 | -5/Upper Caves | Joined by bewildered Wizard 20517 | -5/Upper Caves | Spotted B-75 Beast 20528 | -5/Upper Caves | Allies destroyed B-75 Beast 20545 | -5/Upper Caves | Joined by bewildered Wizard 20545 | -5/Upper Caves | Learned Factory stockpile data 20560 | -5/Upper Caves | Learned 4 Factory zone layouts 20748 | -5/Upper Caves | Joined by bewildered Wizard 20971 | -5/Upper Caves | Entered another Upper Caves area 20971 | -5/Upper Caves | Accompanied by 11 allies 20972 | -5/Upper Caves | Identified exit to Warlord 20973 | -5/Upper Caves | Identified exit to Factory 21217 | -5/Upper Caves | Attracted the attention of an 0b10 checkpoint 21316 | -5/Upper Caves | Joined by bewildered Wizard 21679 | -5/Upper Caves | Joined by bewildered Wizard 21680 | -5/Upper Caves | Joined by bewildered Wizard 21680 | -5/Upper Caves | Joined by bewildered Wizard 21702 | -5/Upper Caves | Lost 3 allies 21710 | -5/Upper Caves | Spotted B-75 Beast 21710 | -5/Upper Caves | Destroyed B-75 Beast 21778 | -5/Upper Caves | Entered Warlord 21778 | -5/Warlord | Accompanied by 10 allies 21825 | -5/Warlord | System corruption cleaned by Quarantine Array 21866 | -5/Warlord | Learned Quarantine stockpile data 21867 | -5/Warlord | Learned 4 Armory zone layouts 21869 | -5/Warlord | Learned Factory scanalyzer intel 21869 | -5/Warlord | Learned Armory recycling unit intel 21869 | -5/Warlord | Learned Research terminal intel 21949 | -5/Warlord | Found Prototype Device 21950 | -5/Warlord | Identified Thermal Barrier 21969 | -5/Warlord | Found Prototype Hackware 21982 | -5/Warlord | Found Prototype Reactor 22027 | -5/Warlord | Visited the Vortex Lab 22037 | -5/Warlord | Found Prototype Energy Gun 22037 | -5/Warlord | Identified Vortex Rifle 22043 | -5/Warlord | Warlord's base attacked by MAIN.C 22178 | -5/Warlord | Rebuked by Warlord 22309 | -5/Warlord | Found Prototype Device 22311 | -5/Warlord | Identified Minesniffer Drone Bay 22393 | -5/Warlord | Warlord forces counterattacked 22509 | -5/Warlord | Spotted Striker 22524 | -5/Warlord | Spotted Striker 22555 | -5/Warlord | Allies destroyed Striker 22623 | -5/Warlord | Lost 23 allies 22718 | -5/Warlord | Warlord base infiltrated, sounded retreat 22719 | -5/Warlord | Enhanced Grunt warped into view 22719 | -5/Warlord | Enhanced Grunt warped into view 22719 | -5/Warlord | Enhanced Grunt warped into view 22719 | -5/Warlord | Enhanced Demolisher warped into view 22719 | -5/Warlord | Enhanced Demolisher warped into view 22719 | -5/Warlord | Enhanced Demolisher warped into view 22754 | -5/Warlord | Spotted Striker 22754 | -5/Warlord | Spotted Striker 22811 | -5/Warlord | Lost 16 allies 22881 | -5/Warlord | Spotted B-86 Titan 22890 | -5/Warlord | Spotted Striker 22890 | -5/Warlord | Spotted Striker 22899 | -5/Warlord | Allies destroyed Striker 22901 | -5/Warlord | Allies destroyed Striker 22914 | -5/Warlord | Build established: Scavenger-Mutant 22925 | -5/Warlord | Discovered new exit (range 14) 22931 | -5/Warlord | Lost 4 allies 22943 | -5/Warlord | Spotted Executioner 22943 | -5/Warlord | Spotted Striker 22943 | -5/Warlord | Spotted Striker 22949 | -5/Warlord | Allies destroyed Striker 22979 | -5/Warlord | Attacked by Warlord forces 22979 | -5/Warlord | Spotted 9Z-FLK(K) 22979 | -5/Warlord | Spotted Y3-DIW(K) 22987 | -5/Warlord | Allies destroyed 9Z-FLK(K) 23010 | -5/Warlord | Entered Proximity Caves 23010 | -4/Proximity Caves | Accompanied by 4 allies 23017 | -4/Proximity Caves | Lost 5 allies 23087 | -4/Proximity Caves | Spotter reported a threat 23245 | -4/Proximity Caves | Joined by bewildered Wizard 23245 | -4/Proximity Caves | Joined by bewildered Wizard 23254 | -4/Proximity Caves | Assimilating DY-OS9(p) into Collective. 23288 | -4/Proximity Caves | Spotter reported a threat 23312 | -4/Proximity Caves | Joined by bewildered Wizard 23325 | -4/Proximity Caves | Joined by bewildered Wizard 23327 | -4/Proximity Caves | Joined by bewildered Wizard 23448 | -4/Proximity Caves | Acquired the password to a Derelict Tinkerer's latest research 23482 | -4/Proximity Caves | Build established: Mutant 23622 | -4/Proximity Caves | Found Prototype Special Weapon 23734 | -4/Proximity Caves | Discovered exit to Factory (range 12) 23758 | -4/Proximity Caves | Learned Research terminal intel 23814 | -4/Proximity Caves | Learned 8 Research zone layouts 23985 | -4/Proximity Caves | Caught by Unaware searching for contraband prototypes 24038 | -4/Proximity Caves | Assimilating T1-47W(p) into Collective. 24074 | -4/Proximity Caves | Entered Factory 24074 | -4/Factory | Accompanied by 8 allies 24074 | -4/Factory | Evolved 2 slots: Power x1, Propulsion x1 24075 | -4/Factory | Identified exit to Research 24075 | -4/Factory | Identified exit to Armory 24078 | -4/Factory | Loaded intel: 4 scanalyzer locations 24089 | -4/Factory | Identified Ghost Barrier 24093 | -4/Factory | Identified Vortex Chain Reactor 24245 | -4/Factory | Identified exit to DSF 24251 | -4/Factory | Entered DSF 24251 | -4/DSF | Accompanied by 8 allies 24286 | -4/DSF | Additional patrols routed to DSF 24365 | -4/DSF | Discovered exit to Research (range 20) 24387 | -4/DSF | Sterilization system engaged 24407 | -4/DSF | Ambient heat levels rising (+10) 24422 | -4/DSF | Ambient heat levels rising (+10) 24437 | -4/DSF | Ambient heat levels rising (+10) 24452 | -4/DSF | Ambient heat levels rising (+10) 24467 | -4/DSF | Ambient heat levels rising (+10) 24468 | -4/DSF | Entered Research 24468 | -3/Research | Accompanied by 5 allies 24468 | -3/Research | Evolved 2 slots: Power x1, Propulsion x1 24469 | -3/Research | Identified exit to Testing 24469 | -3/Research | Identified exit to Research 24470 | -3/Research | Loaded intel: 71 trap records 24471 | -3/Research | Loaded intel: 21 terminal locations 24541 | -3/Research | Joined by bewildered Wizard 24542 | -3/Research | Joined by bewildered Wizard 24579 | -3/Research | Assimilating WE-JID(p) into Collective. 24583 | -3/Research | Assimilating A8-7XI(p) into Collective. 24589 | -3/Research | Assimilating J3-IZ9(p) into Collective. 24657 | -3/Research | Joined by bewildered Wizard 24657 | -3/Research | Joined by bewildered Wizard 24813 | -3/Research | Central database locked down 24820 | -3/Research | Joined by bewildered Wizard 24843 | -3/Research | Assimilating 8I-RKF(p) into Collective. 25164 | -3/Research | Entered Testing 25164 | -3/Testing | Accompanied by 7 allies 25191 | -3/Testing | Found Prototype Hackware 25344 | -3/Testing | Found Ghost Barrier 25397 | -3/Testing | Assimilating Analyst 8a into Collective. 25414 | -3/Testing | First assault squad dispatched 25415 | -3/Testing | Found Prototype Protection 25543 | -3/Testing | Found Prototype Energy Gun 25543 | -3/Testing | Identified Warp Gun 25680 | -3/Testing | Spotted Striker 25686 | -3/Testing | Spotted Striker 25688 | -3/Testing | Allies destroyed Striker 25695 | -3/Testing | Allies destroyed Striker 25697 | -3/Testing | Spotted Alpha 7 25705 | -3/Testing | Allies destroyed Alpha 7 25841 | -3/Testing | Scanned by Researcher 26013 | -3/Testing | Found Prototype Launcher 26066 | -3/Testing | Assimilating Veteran 8a into Collective. 26095 | -3/Testing | Assimilating Master 8a into Collective. 26105 | -3/Testing | Assimilating Veteran 8b into Collective. 26108 | -3/Testing | Assimilating Veteran 8c into Collective. 26191 | -3/Testing | Assimilating Master 8b into Collective. 26218 | -3/Testing | Assimilating Champion 8a into Collective. 26228 | -3/Testing | Assimilating Master 8c into Collective. 26240 | -3/Testing | Assimilating Enforcer 8a into Collective. 26255 | -3/Testing | Assimilating Assassin 8a into Collective. 26266 | -3/Testing | Assimilating Assassin 8b into Collective. 26275 | -3/Testing | Lost 3 allies 26285 | -3/Testing | Build established: Infiltrator-Mutant 26357 | -3/Testing | Assimilating Engineer 8a into Collective. 26385 | -3/Testing | Assimilating Conveyor 8a into Collective. 26423 | -3/Testing | Assimilating Veteran 8d into Collective. 26479 | -3/Testing | Identified Com. Tesla Bomb Launcher 26505 | -3/Testing | Identified System Mapper 26546 | -3/Testing | Discovered exit to Research (range 16) 26574 | -3/Testing | Entered Research 26574 | -2/Research | Accompanied by 4 allies 26574 | -2/Research | Evolved 2 slots: Utility x2 26575 | -2/Research | Identified exit to Access 26576 | -2/Research | Loaded intel: 24 terminal locations 26576 | -2/Research | Identified SHELL Armor 26579 | -2/Research | Identified exit to Quarantine 26601 | -2/Research | Assimilating Eye 9a into Collective. 26660 | -2/Research | Scrapoid reinforcements arrived 26668 | -2/Research | Assimilating 02R03-D into Collective. 26741 | -2/Research | Found Prototype Device 26741 | -2/Research | Identified Exp. Focal Shield 26821 | -2/Research | Build established: Hacker-Mutant 26822 | -2/Research | Assimilating Enforcer 9a into Collective. 26824 | -2/Research | First assault squad dispatched 26849 | -2/Research | Lost 4 allies 26871 | -2/Research | Entered Quarantine 26871 | -2/Quarantine | Accompanied by 5 allies 26892 | -2/Quarantine | Assimilating Expert 9a into Collective. 26900 | -2/Quarantine | Found Alien Slashing Weapon 27297 | -2/Quarantine | Assimilating Serf 9a into Collective. 27316 | -2/Quarantine | Assimilating Rainmaker 9a into Collective. 27318 | -2/Quarantine | Lost 3 allies 27427 | -2/Quarantine | Assimilating Enforcer 9b into Collective. 27481 | -2/Quarantine | Discovered exit to Access (range 16) 27513 | -2/Quarantine | Assimilating Master 9a into Collective. 27532 | -2/Quarantine | Assimilating Master 9b into Collective. 27551 | -2/Quarantine | Assimilating Terminator 9a into Collective. 27580 | -2/Quarantine | Lost 5 allies 27609 | -2/Quarantine | Assimilating Enforcer 9c into Collective. 27620 | -2/Quarantine | Assimilating Enforcer 9d into Collective. 27621 | -2/Quarantine | First assault squad dispatched 27633 | -2/Quarantine | Assimilating Enforcer 9e into Collective. 27638 | -2/Quarantine | Assimilating Master 9c into Collective. 27642 | -2/Quarantine | Assimilating Enforcer 9f into Collective. 27670 | -2/Quarantine | Assimilating Champion 9a into Collective. 27677 | -2/Quarantine | Assimilating Champion 9b into Collective. 27707 | -2/Quarantine | Identified Sigix Broadsword 27713 | -2/Quarantine | Lost 8 allies 27718 | -2/Quarantine | Lost 3 parts (1p1n1w) 27802 | -2/Quarantine | Found Alien Artifact 27849 | -2/Quarantine | Entered Access 27849 | -1/Access | Evolved 2 slots: Utility x2 27850 | -1/Access | Identified exit to Command 27865 | -1/Access | Found Gamma Bomb Array 27866 | -1/Access | Found Gamma Bomb Array 28190 | -1/Access | Entered Command 28360 | -1/Command | Identified Subatomic Replicator 28360 | -1/Command | Used Subatomic Replicator to replicate Prototype Special Weapon 28407 | -1/Command | Spotted Combat Programmer 28440 | -1/Command | First assault squad dispatched 28441 | -1/Command | Identified Molecular Deconstructor (x2) 28530 | -1/Command | Met MAIN.C 28532 | -1/Command | Attached CPS modules to MAIN.C. 28552 | -1/Command | 0b10 Conduit disabled 28577 | -1/Command | System corruption reached 10% 28597 | -1/Command | Destroyed MAIN.C Shell 28597 | -1/Command | Surrendered to MAIN.C 28597 | -1/Command | Loaded intel: 61 machine locations 28597 | -1/Command | Loaded intel: 106 trap records 28597 | -1/Command | Identified exit to Surface 28597 | -1/Command | Discovered exit to Surface (range 45) 28597 | -1/Command | Discovered exit to Surface (range 73) 28625 | -1/Command | Lost 7 parts (4n1u2w) 28651 | -1/Command | Found Zero-point Reactor 28655 | -1/Command | Found Vortex Chain Reactor 28658 | -1/Command | Found Spectral Analyzer 28661 | -1/Command | Found Exp. Armor Integrity Analyzer 28665 | -1/Command | Found Hvy. Regenerative Plating 28667 | -1/Command | Found Exp. System Purifier 28672 | -1/Command | Found Exp. Phase Shifter 28694 | -1/Command | Found Perforator 28747 | -1/Command | MAIN.C activated Command garrisons 28784 | -1/Command | Unknown forces attacked Command 28787 | -1/Command | Spotted EQ-002 28796 | -1/Command | Spotted EQ-000 28796 | -1/Command | Spotted EQ-001 28797 | -1/Command | Phase Generator disabled 28801 | -1/Command | Spotted EQ-004 28815 | -1/Command | Spotted EQ-005 28843 | -1/Command | Spotted EQ-007 28845 | -1/Command | Found Centrium Heavy Armor Plating 28860 | -1/Command | Found Singularity Reactor 28872 | -1/Command | Lost 4 allies 28882 | -1/Command | Spotted EQ-018 28882 | -1/Command | Spotted EQ-019 28886 | -1/Command | Spotted EQ-021 28892 | -1/Command | Destroyed EQ-019 28914 | -1/Command | Found Corrupted Exp. Targeting Computer 28918 | -1/Command | Found Corrupted Multirail 28920 | -1/Command | Lost 4 allies 28932 | -1/Command | Found Corrupted Exp. Core Analyzer 29000 | -1/Command | Spotted EQ-040 29000 | -1/Command | Spotted EQ-038 29000 | -1/Command | Spotted EQ-039 29037 | -1/Command | Found Corrupted Exp. Core Analyzer 29112 | -1/Command | Spotted EQ-063 29112 | -1/Command | Spotted EQ-060 29112 | -1/Command | Spotted EQ-062 29112 | -1/Command | Spotted EQ-061 29119 | -1/Command | Spotted EQ-052 29122 | -1/Command | Destroyed EQ-063 29128 | -1/Command | Spotted EQ-051 29130 | -1/Command | Spotted EQ-074 29136 | -1/Command | Destroyed EQ-052 29159 | -1/Command | Spotted EQ-058 29162 | -1/Command | Spotted EQ-068 29170 | -1/Command | Destroyed EQ-058 29172 | -1/Command | Build established: Scavenger-Executioner 29173 | -1/Command | Spotted EQ-082 29199 | -1/Command | Spotted EQ-065 29200 | -1/Command | Destroyed EQ-065 29206 | -1/Command | Spotted EQ-071 29206 | -1/Command | Spotted EQ-070 29215 | -1/Command | Destroyed EQ-071 29227 | -1/Command | Spotted EQ-085 29227 | -1/Command | Spotted EQ-086 29227 | -1/Command | Spotted EQ-084 29227 | -1/Command | Spotted EQ-095 29260 | -1/Command | Lost 22 allies 29329 | -1/Command | Spotted EQ-111 29329 | -1/Command | Spotted EQ-112 29329 | -1/Command | Spotted EQ-110 29329 | -1/Command | Spotted EQ-113 29332 | -1/Command | Destroyed EQ-110 29335 | -1/Command | Destroyed EQ-113 29341 | -1/Command | Destroyed EQ-112 29344 | -1/Command | Spotted EQ-108 29346 | -1/Command | Spotted EQ-090 29351 | -1/Command | Destroyed Executioner 29356 | -1/Command | Spotted EQ-097 29357 | -1/Command | Spotted EQ-106 29361 | -1/Command | Destroyed EQ-106 29396 | -1/Command | Spotted EQ-092 29398 | -1/Command | Spotted EQ-056 29400 | -1/Command | Spotted EQ-087 29400 | -1/Command | Spotted EQ-099 29401 | -1/Command | Spotted EQ-079 29401 | -1/Command | Spotted EQ-091 29401 | -1/Command | Spotted EQ-088 29403 | -1/Command | Spotted EQ-066 29403 | -1/Command | Destroyed EQ-079 29404 | -1/Command | Lost 7 allies 29404 | -1/Command | Spotted EQ-067 29405 | -1/Command | Spotted EQ-041 29406 | -1/Command | Destroyed EQ-092 29412 | -1/Command | Destroyed EQ-041 29416 | -1/Command | Spotted EQ-098 29421 | -1/Command | Destroyed EQ-067 29424 | -1/Command | Destroyed EQ-056 29427 | -1/Command | Destroyed EQ-099 29436 | -1/Command | Destroyed EQ-088 29444 | -1/Command | Spotted EQ-138 29444 | -1/Command | Spotted EQ-139 29444 | -1/Command | Spotted EQ-151 29444 | -1/Command | Spotted EQ-162 29444 | -1/Command | Spotted EQ-141 29444 | -1/Command | Spotted EQ-102 29445 | -1/Command | Destroyed EQ-087 29451 | -1/Command | Spotted EQ-116 29454 | -1/Command | Discovered exit to Surface (range 40) 29454 | -1/Command | Discovered exit to Surface (range 78) 29454 | -1/Command | Extracted map data and part IDs from MAIN.C's data core 29461 | -1/Command | Core integrity fell below 50% 29466 | -1/Command | Destroyed 8 combat bots 29468 | -1/Command | Spotted EQ-152 29478 | -1/Command | Spotted EQ-166 29479 | -1/Command | Spotted EQ-160 29486 | -1/Command | Released all parts (10) 29488 | -1/Command | Core integrity fell below 20% 29491 | -1/Command | Spotted EQ-145 29491 | -1/Command | Spotted EQ-100 29496 | -1/Command | Spotted EQ-158 29500 | *** | Escaped! Last Messages --------------- 29486_ Penetrated by Slug. 29487_ Acquired 47 matter. 29487_ Penetrated by Slug. 29489_ BFZQSJFDPSDAP9 JA#W|KS#MUWNR5 29489_ Penetrated by Slug. 29489_ Slug penetrates Wall. 29490_ Penetrated by Slug. 29490_ Slug penetrates Earth. 29491_ Slug penetrates EQ-166. 29493_ Penetrated by Slug. 29493_ Slug penetrates Earth. 29493_ Penetrated by Slug. 29496_ Knocked back. 29496_ EQ-166 deploys Swarm Drone. 29497_ Slug penetrates Earth. 29497_ Slug penetrates Wall. 29497_ Critical hit (Burn: +37). 29497_ Penetrated by Slug. 29498_ The unstable cave ceiling collapses. 29498_ Penetrated by Slug. Map ----- +----------------------------------------------------+ | ###+#+####??# ##### ######## #??# !!* | | #?????# #???# """" ## + #??# !! * | | #?????# #???# """" ## ##### #??###### | | #?????# #???# """" ## #???#####/####?????? | | # #?????# #???# """" ## #???# #?????? | | # #?????# #???# + #???# #?????? | | # #######+###?# ! ####???# "#?????? | | # # #?###+######??????# ""#?????? | | # # #???# #???????????# = ""#?????? | | # # "" #???# #???????????# |= ""#?????? | | # # """" #???# #???????????# ""#?????? | | + +^ """" #???# #???????????# T"#?????? | | # # "" ##### #???????????# ""#?????? | | # #] + #???????????# "#?????? | | # # #######???????????# #?????? | | #######+###?????????????????# ?????? | | #?????# #??????????????????## ## ???? | | #?????# #?????????????????## ???? | | #?????# #?????????????????# # % #????? | | " #?????# #???????????????### ! #?#### | | "" #?????# #??????????????## # %= #?#??? | | "" #?????# #??????????????# ##?#?## | | " #?????# #????????####### ! # #?#?#" | | #?????# #????????# !!= #?#?#" | | #######+##???????# *%[!! #?#?#" | | # !! #???????# @ # # *= [ #?#?#" | | # ]! #???????# ## [ #?#?#" | | # ! * #???????####### # #?#?# | | # #?#######?# # % # #?#?#" | | # % # % #?# # ## [ ###?# | | # %%%% # ## % % # #?# | | # % %% # # "##?# | | / # "#"##?# | | # # # #?# | | # ######## # # # == !=!!#?# | | # ## ! # % !*![[#?#[ | | # # # #### %#!%[%####! | | # %% % = ! =[%[%%%=% [ | | # % %% % [ *=%=*=%!%*!%!%= | | # =[%*%%%!%!==%%*=[ | | # % # ## # %%%====![####] | | ######## # ### ! % #?# | | ############# % # # # # #?# | | #???????????# ### ## ## ##### ###?## | | """" #???????????# !!! ## #??### ###???# #?#??? | | """" #???????????# !! ##???????#??????###?#### | | """" !#???????????# !! #??????????????????????? | | """" #???????#####+######??????????????????????? | | ######### #???????????????????????? | | ## # #???????????????????????? | +----------------------------------------------------+ Best States ------------- Heat Dissipation 142 Coolant Potential 120 Energy Generation 106 Energy Capacity 1700 Matter Stores 1043 Matter Capacity 1050 Sight Range 24 Terrain Scan Range 30 Terrain Scan Density 1210 Jamming Range 16 Cloak Strength 3 Power Amplification 30 Additional Mass Support 20 Armor Coverage 1200 Resistance: KI 30 Resistance: TH 15 Propulsion Shielding 90 Weapon Cycling 25 Phase Shifting 20 Evasion (%) 60 Targeting Accuracy 12 Core Analysis 12 Armor Integrity Analysis 50 Recoil Reduction 6 Offensive Hacking 20 Defensive Hacking 20 Authchip Count 1 Item Schematics ----------------- Arm. Wheel | -8/Recycling | Hacked Lance | -6/Zion | Archive Adv. Terrain Scanner | -6/Zion | Archive Wave Gun | -6/Zion | Archive Lgt. Angular Momentum Engine | -6/Zion | Archive Adv. Shield Generator | -6/Zion | Archive Adv. Signal Interpreter | -6/Zion | Archive HERF Cannon | -6/Zion | Archive Adv. System Shield | -6/Zion | Archive Thermic Laser | -6/Zion | Archive Lgt. Fission Core | -6/Zion | Archive Enh. Gauss Cannon | -6/Zion | Archive Imp. Actuator Array | -6/Zion | Archive Imp. Shock Absorption System | -6/Zion | Archive Proton Cannon | -6/Zion | Archive Adv. Thermal Generator | -6/Zion | Archive CPS Tube | -4/Factory | Scanalyzed Com. Mass Driver | -3/Testing | Archive Exp. Field Recycling Unit | -3/Testing | Archive Adv. Myomer Leg | -3/Testing | Archive Adv. KE Penetrator | -3/Testing | Archive Hvy. Tesla Rifle | -3/Testing | Archive Imp. KE Penetrator | -3/Testing | Archive Com. Tesla Bomb Launcher | -3/Testing | Archive Exp. Matter Compressor | -3/Testing | Hacked Hvy. Neutron Cannon | -2/Quarantine | Archive Thunder Hammer | -2/Quarantine | Archive Adv. Quantum Shading Machine | -2/Quarantine | Archive Exp. ECM Suite | -2/Quarantine | Archive Proton Burst Cannon | -2/Quarantine | Archive Gravity Neutralizer | -2/Quarantine | Archive Molecular Scythe | -2/Quarantine | Archive Thermal Barrier | -2/Quarantine | Archive Adv. Gravity Neutralizer | -2/Quarantine | Archive Cmb. Linear Gravjet | -2/Quarantine | Hacked Robot Schematics ------------------ K-01 Serf | -6/Zion | Archive T-07 Excavator | -6/Zion | Archive H-88 Terminator | -6/Zion | Archive M-36 Artificer | -3/Testing | Archive E-15 Imp | -3/Testing | Archive S-43 Plague | -2/Quarantine | Archive A-27 Freighter | -2/Quarantine | Archive Fabricated ------------ Nothing Repaired ---------- Nothing Studied --------- Wheel | -6/Factory | Hacked Axe | -6/Factory | Hacked Com. HERF Cannon | -3/Research | Hacked Imp. Gyrokinetic Inverter | -3/Testing | Hacked Alien Tech Used ----------------- Sigix Broadsword Subatomic Replicator Achievements -------------- None Challenges ------------ None Game ------ Seed FireGrenadeAutocannon Manual? 0 Play Time 06:03:56 Cumulative 1388.2 hours Start 2026.02.21 @ 13:39:51 End 2026.02.28 @ 16:37:24 Sessions 5 Manual Loads 0 Difficulty Rogue Special Mode None Game No. 459 Rogue 452 Adventurer 4 Explorer 3 Win Type 0 Total 39 Types 18/5/2/2/1/2/4/1/2/2 Lore% 97 Gallery% 94 Achievement% 87 Wizard Run 0 Options --------- Layout 2 ASCII 0 Keyboard 0 Movement Numpad Keybinds 0 Fullscreen 2 Font 24/Smallcaps Map View 50x44 Zoom Use 0% Tactical HUD 1 Map Filters NONE Filters NONE Steam 1 RUN: da24a1b5-bdaa-46a0-91be-84787cede922